 Dungeon Crawl Stone Soup version 0.30-a0-385-gfebfb9b408 (webtiles) character file.

Game seed: 6363724825613231942

27893 NinjaNoafa the Dancer (level 13, -17/101 HPs)
             Began as a Merfolk Gladiator on Dec 2, 2022.
             Was a Follower of Uskayaw.
             Demolished by a catoblepas (24 damage)
             ... on level 5 of the Lair of Beasts.
             The game lasted 00:37:17 (16439 turns).

NinjaNoafa the Dancer (Merfolk Gladiator)          Turns: 16439, Time: 00:37:18

Health: -17/101    AC: 14    Str: 14    XL:     13   Next: 35%
Magic:  34/34      EV: 25    Int: 13    God:    Uskayaw [*.....]
Gold:   782        SH:  7    Dex: 28    Spells: 12/12 levels left

rFire   . . .      SeeInvis +    D - +10 rapier "Nyuqit" {vamp, Will+ Dex+2 SInv Stlth+}
rCold   + . .      Faith    .    O - +0 buckler
rNeg    . . .      Spirit   .    w - +3 leather armour {rC+}
rPois   .          Reflect  .    r - +3 hat of Pondering {ponderous, Will+ MP+10 Int+5}
rElec   .          Harm     .    Q - +2 cloak
rCorr   .          Rampage  .    s - +0 pair of gloves
Will    ++...                    l - +0 pair of boots
Stlth   +++.......               (no amulet)
HPRegen 0.36/turn                E - +4 ring of evasion
MPRegen 0.24/turn                M - +6 ring of dexterity

@: slow
A: (nimble swimmer 2), mertail
a: Renounce Religion, Stomp


You were on level 5 of the Lair of Beasts.
You worshipped Uskayaw.
Uskayaw was pleased with you.
You visited 3 branches of the dungeon, and saw 15 of its levels.

You collected 782 gold pieces.

Inventory:

Hand Weapons
 D - the +10 rapier "Nyuqit" (weapon) {vamp, Will+ Dex+2 SInv Stlth+}
   (You found it on level 2 of the Lair of Beasts)

   It occasionally heals its wielder for a portion of the damage dealt when it
   wounds a living foe.
   Dex:       It affects your dexterity (+2).
   SInv:      It lets you see invisible.
   Will:      It increases your willpower.
   Stlth:     It makes you more stealthy.
Missiles
 a - 2 boomerangs
 d - 2 throwing nets
 g - 129 stones
 N - 23 poisoned darts
 P - 5 curare-tipped darts
 S - 4 atropa-tipped darts
Armour
 l - a +0 pair of boots (worn)
 r - the +3 hat of Pondering (worn) {ponderous, Will+ MP+10 Int+5}
   (You took it off Gastronok on level 1 of the Lair of Beasts)

   Int:       It affects your intelligence (+5).
   MP:        It affects your magic capacity (+10).
   Will:      It increases your willpower.
 s - a +0 pair of gloves (worn)
 w - a +3 leather armour of cold resistance (worn)
 O - a +0 buckler (worn)
 Q - a +2 cloak (worn)
Jewellery
 b - a ring of resist corrosion
 e - a ring of protection from cold
 o - a ring of positive energy
 B - a ring of wizardry
 E - a +4 ring of evasion (left hand)
 K - a ring of positive energy
 M - a +6 ring of dexterity (right hand)
Wands
 x - a wand of flame (15) (quivered)
 F - a wand of roots (17)
 R - a wand of acid (6)
Scrolls
 h - 2 scrolls of poison
 i - 3 scrolls of magic mapping
 k - 5 scrolls of teleportation
 t - a scroll of noise
 u - 3 scrolls of amnesia
 y - 2 scrolls of vulnerability
 J - 2 scrolls of butterflies
Potions
 c - a potion of invisibility
 f - a potion of magic
 j - 5 potions of curing
 m - 3 potions of brilliance
 n - a potion of resistance {unknown}
 p - 2 potions of degeneration
 q - 2 potions of cancellation
 v - 3 potions of lignification
 z - 2 potions of flight
 A - 4 potions of haste
 C - 4 potions of attraction
 G - 4 potions of might
 H - 2 potions of berserk rage
 I - 2 potions of ambrosia {unknown}
 L - a potion of mutation


   Skills:
 + Level 9.5 Fighting
 + Level 11.4 Short Blades
 - Level 4.0 Throwing
 - Level 2.0 Armour
 + Level 10.1 Dodging
 + Level 6.2 Shields
 + Level 14.7 Invocations
 + Level 7.5 Evocations


You had 12 spell levels left.
You didn't know any spells.
Your spell library contained the following spells:

 Spells                   Type           Power      Damage    Failure   Level
 Magic Dart               Conj           0%         1d3       43%         1
 Sandblast                Erth           0%         2d4       43%         1
 Blink                    Tloc           0%         N/A       58%         2
 Call Imp                 Summ           0%         N/A       58%         2
 Momentum Strike          Conj/Tloc      0%         3d8       58%         2
 Passwall                 Tmut/Erth      0%         N/A       58%         2
 Frozen Ramparts          Ice            0%         1d1       82%         3
 Inner Flame              Hex/Fire       0%         N/A       82%         3
 Lesser Beckoning         Tloc           0%         N/A       82%         3
 Mephitic Cloud           Conj/Pois/Air  0%         N/A       82%         3
 Ozocubu's Armour         Ice            0%         N/A       82%         3
 Stone Arrow              Conj/Erth      0%         3d7       82%         3
 Vhi's Electric Charge    Tloc/Air       0%         N/A       82%         3
 Flame Wave               Conj/Fire      0%         2d4       99%         4
 Ice Form                 Ice/Tmut       0%         N/A       99%         4
 Sticky Flame             Conj/Fire      0%         2d3       99%         4
 Summon Ice Beast         Ice/Summ       0%         N/A       99%         4
 Arcjolt                  Conj/Air       0%         1d10      100%        5
 Ozocubu's Refrigeration  Ice            0%         4d7       100%        7
 Maxwell's Capacitive Co  Air            0%         ∞         100%        8


Dungeon Overview and Level Annotations

Branches:
Dungeon (9/15)             Temple (1/1) D:4            Lair (5/5) D:9
  Swamp (0/4) Lair:3       Spider (0/4) Lair:2          Orc (0/2) D:9
  Slime: Lair:4-5

Altars:
Ashenzari
Cheibriados
Dithmenos
Elyvilon
Fedhas
Gozag
Hepliaklqana
Kikubaaqudgha
Makhleb
Okawaru
Qazlal
Ru
Sif Muna
Trog
Uskayaw
Wu Jian
Xom
Yredelemnul
Zin
The Shining One

Annotations:
D:6 5 runed translucent doors
Lair:3 2 transporters, zishaf's ghost, journeyman VSBr


Innate Abilities, Weirdness & Mutations

((You are very nimble when in or above water. (Stealth+, EV+, Speed+++)))
Your lower body shifts to a powerful aquatic tail in water.


Message History

The blast of calcifying dust hits you but does no damage.
The catoblepas gores you!!
The five-headed hydra bites you but does no damage.
The five-headed hydra bites you!
The five-headed hydra bites you but does no damage. x2
The five-headed hydra bites you.
You are engulfed in calcifying dust.
The catoblepas breathes a plume of calcifying dust at you.
The blast of calcifying dust hits you. The five-headed hydra bites you!
The five-headed hydra barely misses you.
The five-headed hydra bites you.
The five-headed hydra bites you but does no damage. x2
The catoblepas breathes a plume of calcifying dust at you.
The blast of calcifying dust hits you.
You are engulfed in calcifying dust.
The catoblepas breathes a plume of calcifying dust at you.
The blast of calcifying dust hits you.
The catoblepas gores you but does no damage.
The five-headed hydra bites you but does no damage. x2
The five-headed hydra bites you!
* * * LOW HITPOINT WARNING * * *
The five-headed hydra bites you but does no damage.
The five-headed hydra bites you.
* * * LOW HITPOINT WARNING * * *
You are engulfed in calcifying dust.
The catoblepas gores you!
* * * LOW HITPOINT WARNING * * *
The catoblepas gores you!!
* * * LOW HITPOINT WARNING * * *
The five-headed hydra bites you but does no damage. x2
The five-headed hydra bites you.
* * * LOW HITPOINT WARNING * * *
The five-headed hydra bites you.
* * * LOW HITPOINT WARNING * * *
The five-headed hydra bites you but does no damage.
You turn to flesh and can move again.
Okay, then.
Okay, then.
The catoblepas attacks as you move away!
The catoblepas gores you!!
You die...

........#...###.......
.............##.......
.............PP......
...................#
..........#......#.#
.........#........##
........P##...§...§#
#..
#..#.....######§$§.#
#.. ###†.....P#
##..@..# .#
##.##...### #..YDY#.#
. .......P.# ###.....#
# .......PP# #......#
## ......P.P# #......#
# #. .......P.#
#.......# ...#.
.#####.### #.......#
#.... # ## ##......#
#..#. #....... ....#


You could see 2 catoblepae and a five-headed hydra.

Vanquished Creatures
  Gastronok (Lair:1)
  A boulder beetle (Lair:4)
  4 death yaks
  3 elephants (Lair:1)
  3 black mambas
  A torpor snail (Lair:1)
  2 cane toads
  3 rime drakes
  A kobold demonologist (D:9)
  7 komodo dragons (Lair:1)
  Grinder (D:4)
  2 tyrant leeches (Lair:3)
  Prince Ribbit (D:9)
  10 blink frogs
  5 dream sheep (Lair:4)
  3 wyverns
  38 yaks
  A wraith (D:9)
  3 steam dragons
  A swamp worm (Lair:3)
  An acid dragon (D:7)
  10 water moccasins
  3 ice beasts
  2 orc warriors (D:9)
  3 sky beasts
  3 black bears
  2 hornet zombies (D:8)
  3 centaurs
  28 wolves
  3 ogres
  3 kobold brigands (D:9)
  A gnoll sergeant (D:7)
  9 bullfrogs
  A necrophage (D:6)
  2 scorpions
  A wyvern zombie (D:8)
  14 wights
  12 killer bees
  4 hounds
  8 orc priests
  3 jellies
  2 iguanas
  10 orc wizards
  2 killer bee zombies (D:8)
  A howler monkey zombie (D:8)
  5 gnolls (D:7)
  9 adders
  A shadow imp (D:6)
  2 white imps
  4 worms
  A dart slug (D:2)
  33 orcs
  5 bats
  13 endoplasms
  5 giant cockroaches
  8 goblins
  10 hobgoblins
  12 kobolds
  4 quokkas
  10 ball pythons
  5 frilled lizards
  A rat (D:3)
  2 butterflies (D:7)
352 creatures vanquished.

Vanquished Creatures (others)
  9 fungi
  12 plants
  9 toadstools (D:3)
30 creatures vanquished.

Grand Total: 382 creatures vanquished

Notes
Turn   | Place    | Note
-------+----------+-------------------------------------------
     0 | D:1      | NinjaNoafa the Merfolk Gladiator began the quest for the
                  | Orb.
     0 | D:1      | Reached XP level 1. HP: 16/16 MP: 1/1
     3 | D:1      | Noticed an electric eel
     4 | D:1      | Noticed an electric eel
   111 | D:1      | Reached XP level 2. HP: 23/23 MP: 2/2
   431 | D:1      | Reached XP level 3. HP: 20/28 MP: 3/3
  1283 | D:2      | Reached XP level 4. HP: 35/35 MP: 4/4
  1380 | D:2      | Reached skill level 5 in Dodging
  2457 | D:3      | Reached XP level 5. HP: 41/41 MP: 5/5
  2483 | D:3      | Reached skill level 5 in Short Blades
  3183 | D:4      | Noticed Grinder
  3198 | D:4      | Paralysed by Grinder for 4 turns
  3212 | D:3      | Reached XP level 6. HP: 43/48 MP: 6/6
  3442 | D:4      | Killed Grinder
  3443 | D:4      | Reached XP level 7. HP: 39/55 MP: 7/7
  3524 | D:4      | Found a sacrificial altar of Ru.
  3565 | D:4      | Reached skill level 5 in Fighting
  3696 | D:4      | Found a staircase to the Ecumenical Temple.
  3705 | Temple   | Entered the Ecumenical Temple
  3848 | Temple   | Became a worshipper of Uskayaw the Reveller
  3920 | D:4      | Reached * piety under Uskayaw
  4115 | D:5      | Entered Level 5 of the Dungeon
  4136 | D:5      | Reached ** piety under Uskayaw
  4150 | D:5      | Reached *** piety under Uskayaw
  4347 | D:5      | Reached **** piety under Uskayaw
  4693 | D:5      | Found an ancient bone altar of Kikubaaqudgha.
  4759 | D:5      | Reached XP level 8. HP: 47/64 MP: 8/8
  4889 | D:5      | Found a blossoming altar of Fedhas.
  5196 | D:6      | Reached ***** piety under Uskayaw
  5918 | D:6      | Found the +9 staff of Olgreb {rPois∞}
  5922 | D:6      | Found a runed translucent door.
  5930 | D:6      | Found a runed translucent gate.
  5930 | D:6      | Found a runed translucent gate.
  5931 | D:6      | Found a runed translucent door.
  5943 | D:6      | Found a runed translucent gate.
  6205 | D:6      | Identified the +8 hand axe of Frustration {flame, rElec
                  | MP+9 Str+2}
  6705 | D:6      | Reached XP level 9. HP: 43/72 MP: 6/9
  7157 | D:6      | Found a broken altar of Ashenzari.
  8158 | D:7      | Reached skill level 10 in Short Blades
  8159 | D:7      | Reached skill level 1 in Invocations
  8159 | D:7      | Reached skill level 1 in Evocations
  8565 | D:7      | Reached skill level 2 in Invocations
  8803 | D:7      | Found a shimmering blue altar of Sif Muna.
  8998 | D:8      | Reached skill level 1 in Shields
  9083 | D:8      | Reached skill level 3 in Invocations
  9401 | D:8      | Reached XP level 10. HP: 80/80 MP: 12/12
  9680 | D:7      | Reached skill level 4 in Invocations
  9706 | D:8      | Reached skill level 5 in Invocations
  9896 | D:8      | Reached skill level 6 in Invocations
 10269 | D:9      | Reached skill level 7 in Invocations
 10587 | D:9      | Found a staircase to the Lair.
 10621 | D:9      | Reached skill level 8 in Invocations
 10775 | Lair:1   | Entered Level 1 of the Lair of Beasts
 10777 | Lair:1   | Reached skill level 9 in Invocations
 10916 | D:9      | Reached skill level 10 in Invocations
 10916 | D:9      | Reached XP level 11. HP: 80/86 MP: 18/18
 11100 | D:9      | Found a staircase to the Orcish Mines.
 11137 | D:9      | Reached skill level 1 in Armour
 11286 | D:9      | Noticed Prince Ribbit
 11290 | D:9      | Killed Prince Ribbit
 11799 | Lair:1   | Reached skill level 11 in Invocations
 12351 | Lair:1   | Reached skill level 12 in Invocations
 12646 | Lair:1   | Reached skill level 13 in Invocations
 12654 | Lair:1   | HP: 1/86 [komodo dragon (24)]
 13461 | Lair:1   | Noticed Gastronok
 13596 | Lair:1   | Killed Gastronok
 13597 | Lair:1   | Reached skill level 5 in Evocations
 13597 | Lair:1   | Reached XP level 12. HP: 28/92 MP: 22/22
 14008 | Lair:2   | Reached skill level 14 in Invocations
 14274 | Lair:2   | Found a hole to the Spider Nest.
 14449 | Lair:2   | Identified the +10 rapier "Nyuqit" {vamp, Will+ Dex+2 SInv
                  | Stlth+}
 14759 | Lair:3   | Reached ****** piety under Uskayaw
 15105 | Lair:3   | Reached skill level 5 in Shields
 15217 | Lair:3   | Found a transporter.
 15226 | Lair:3   | Noticed zishaf's ghost (journeyman VSBr)
 15238 | Lair:3   | Found a transporter.
 15239 | Lair:3   | Found a bloodstained altar of Trog.
 15351 | Lair:3   | Found a staircase to the Swamp.
 15692 | Lair:4   | Noticed a death yak
 15716 | Lair:4   | Noticed a death yak
 15717 | Lair:4   | Noticed a death yak
 15718 | Lair:4   | Noticed a death yak
 15732 | Lair:3   | Killed a death yak
 15746 | Lair:3   | Killed a death yak
 15756 | Lair:3   | Killed a death yak
 15757 | Lair:3   | Reached XP level 13. HP: 101/101 MP: 23/23
 16019 | Lair:4   | Found a snail-covered altar of Cheibriados.
 16351 | Lair:5   | Entered Level 5 of the Lair of Beasts
 16362 | Lair:4   | Reached skill level 10 in Dodging
 16439 | Lair:5   | Demolished by a catoblepas

Illustrated notes

Levels and vault maps discovered:
D:1:      arrival_aquarium_b, layout_loops_ring, minmay_close_crescents
D:2:      layout_basic
D:3:      cheibrodos_fertilizer, layout_basic
D:4:      layout_rooms, nicolae_ru_sacrificial_ziggurat,
          lemuel_temple_firewalk_b, st_stairs_6, uniq_grinder
D:5:      layout_rooms, mainiacjoe_overflow_alcove_1,
          mainiacjoe_overflow_24_doors
D:6:      layout_basic, lemuel_round_altar,
          minmay_guarded_unrand_staff_of_olgreb
D:7:      layout_basic, lemuel_blue_sif_altar, nrook_mini_backslash,
          chequers_serial_rivers_large_b, hangedman_glass_garden
D:8:      layout_loops_ring, serial_undead, serial_undead_f, serial_undead_a,
          serial_undead_c, serial_undead_a
D:9:      layout_long_grid, hellmonk_lair_entry_icy, serial_glass,
          glass_columns_a, glass_columns_c, glass_columns_a, glass_columns_a,
          glass_columns_a, glass_columns_a, glass_columns_b, glass_columns_b,
          glass_columns_a, glass_columns_a, glass_columns_b, glass_columns_c,
          glass_columns_a, glass_columns_a, uniq_prince_ribbit1
Temple:   nicolae_temple_bog_church
Lair:1:   layout_cave_pods, beast_lair_carwin_8, uniq_gastronok
Lair:2:   layout_regular_city, spider_nest_entry_web_field
Lair:3:   layout_roguey, minmay_swamp_entry_worms,
          gammafunk_ghost_wrathful_warriors, serial_bayou_pond_a,
          grunt_forest_large_clearings
Lair:4:   layout_misc_corridors, basic_altar, lookout_lair_type
Lair:5:   grunt_lair_end_beastmaster, layout_cellular_growth,
          nicolae_slime_entry_slimehenge, grunt_megastairs_2

Skill      XL: |  1  2  3  4  5  6  7  8  9 10 11 12 13 |
---------------+----------------------------------------+-----
Short Blades   | 4 5 6 7 8 10 11 | 11.4
Fighting       | 3 4 6 7 8 9 |  9.5
Dodging        | 5 6 7 8 9 10 | 10.1
Throwing       | 4 |  4.0
Invocations    | 3 10 13 14 | 14.7
Evocations     | 3 4 5 7 |  7.5
Shields        | 3 4 5 6 |  6.2
Armour         | 2 |  2.0

Action                   |  1- 3 |  4- 6 |  7- 9 | 10-12 | 13-15 || total
-------------------------+-------+-------+-------+-------+-------++-------
Melee: Rapier            |   139 |    89 |       |   202 |    95 ||   525
       Punch             |     2 |     3 |    13 |       |       ||    18
       Dagger            |       |   160 |   888 |   801 |       ||  1849
Throw: Javelin           |     1 |       |       |       |       ||     1
       Boomerang         |       |     4 |    56 |       |       ||    60
       Stone             |       |       |     2 |       |       ||     2
       Dart              |       |       |     1 |     2 |     2 ||     5
       Throwing net      |       |       |     1 |       |       ||     1
Invok: Stomp             |       |       |     2 |     5 |       ||     7
       Line Pass         |       |       |       |     3 |       ||     3
Evoke: Wand              |       |       |    15 |       |       ||    15
  Use: Potion            |       |     3 |     2 |     3 |       ||     8
       Scroll            |       |       |    12 |    10 |     2 ||    24
 Stab: Invisible         |       |     5 |       |       |       ||     5
       Sleeping          |       |     2 |     2 |     6 |     1 ||    11
       Paralysed         |       |       |    12 |    43 |     8 ||    63
       Confused          |       |       |       |     2 |       ||     2
Armor: Leather armour    |    53 |    61 |   111 |   126 |    31 ||   382
       Skin              |       |       |     3 |       |       ||     3
Dodge: Dodged            |   139 |   166 |   460 |   761 |    79 ||  1605
Block: Buckler           |       |       |    18 |   311 |    26 ||   355

Table legend: (Time is in decaauts)
 A = Elapsed time spent in this place.
 B = Non-inter-level travel time spent in this place.
 C = Inter-level travel time spent in this place.
 D = Time resting spent in this place.
 E = Time spent auto-exploring this place.
 F = Levels seen in this place.
 G = Mean time per level.
                   A        B        C        D        E       F      G
               +--------+--------+--------+--------+--------+-----+--------+
         Total |  15457 |  14546 |    911 |    582 |  10485 |  15 | 1030.5 |
       Dungeon |  10625 |   9950 |    675 |    370 |   7152 |   9 | 1180.6 |
        Temple |    130 |     99 |     31 |      0 |     88 |   1 |  130.0 |
          Lair |   4701 |   4497 |    204 |    212 |   3244 |   5 |  940.2 |
               +--------+--------+--------+--------+--------+-----+--------+

Top non-repeatable levels by time:
  Lair:1: 1944 daAuts
     D:6: 1877 daAuts
     D:9: 1257 daAuts
     D:8: 1219 daAuts
     D:5: 1212 daAuts
     D:3: 1165 daAuts
     D:4: 1123 daAuts
  Lair:2: 1022 daAuts
  Lair:3: 999 daAuts
     D:7: 952 daAuts
     D:2: 928 daAuts
     D:1: 890 daAuts
  Lair:4: 675 daAuts
  Temple: 130 daAuts
  Lair:5: 60 daAuts
